 Dungeon Crawl Stone Soup version 0.19-a0-330-g034cfd4 (webtiles) character file.

954 Leszczynek the Changer (level 8, -1/64 HPs)
             Began as a Naga Transmuter on May 28, 2016.
             Slain by an orc warrior
             ... wielding a +0 short sword
              (19 damage)
             ... on level 6 of the Dungeon.
             The game lasted 00:23:44 (6194 turns).

Leszczynek the Changer (Naga Transmuter)            Turns: 6194, Time: 00:23:44

Health: -1/64      AC:  2    Str: 12    XL:     8   Next: 14%
Magic:  7/11       EV: 19    Int: 15    God:
Gold:   322        SH:  0    Dex: 18    Spells: 3 memorised, 1 level left

rFire  . . .     SeeInvis +       - Unarmed
rCold  . . .     Gourm    .     (armour currently unavailable)
rNeg   . . .     Faith    .     (shield currently unavailable)
rPois  x         Spirit   .     (helmet currently unavailable)
rElec  .         Dismiss  .     (cloak currently unavailable)
rCorr  .         Reflect  .     (gloves currently unavailable)
SustAt .         Harm     .     (no barding)
MR     +....                    (no amulet)
Stlth  ++++......               (no ring)
                                (no ring)

@: spider-form, somewhat resistant to hostile enchantments, stealthy
A: see invisible, (deformed body), (poison resistance), (slowness 0), slow
metabolism 1, spit poison 2, AC +2
a: Spit Poison, End Transformation


You were on level 6 of the Dungeon.
You were hungry.
You were a venomous arachnid creature.
You visited 1 branch of the dungeon, and saw 6 of its levels.

You collected 322 gold pieces.

Inventory:

Hand Weapons
 q - a +3 dagger of freezing (melded)
Missiles
 a - 109 arrows
 k - 4 javelins (quivered)
Armour
 e - a +0 pair of gloves (melded)
 h - a +2 robe of cold resistance (melded)
 o - a +1 helmet (melded)
Jewellery
 f - an uncursed amulet of faith {unknown}
Wands
 p - a wand of flame (23/48)
Scrolls
 j - 2 scrolls of teleportation
Potions
 b - a potion of invisibility {unknown}
 m - 2 potions of haste
 n - a potion of heal wounds
 r - 2 potions of cancellation {unknown}
 s - a potion of lignification {unknown}
 t - a potion of might {unknown}
 v - a potion of curing {unknown}
Books
 c - a book of Changes

   Spells                             Type                      Level
   a - Beastly Appendage              Transmutation                1
   b - Sticks to Snakes               Transmutation                2
   c - Spider Form                    Transmutation/Poison         3
   d - Ice Form                       Ice/Transmutation            4
   e - Blade Hands                    Transmutation                5
Comestibles
 d - 7 bread rations
 i - a royal jelly
 l - a meat ration


   Skills:
 - Level 1.0 Fighting
 - Level 1.5 Dodging
 - Level 4.8 Stealth
 + Level 4.3 Unarmed Combat
 - Level 2.0 Spellcasting
 * Level 7.2 Transmutations
 - Level 4.6 Poison Magic


You had one spell level left.
You knew the following spells:

 Your Spells              Type           Power        Failure   Level  Hunger
a - Blade Hands           Tmut           ###.......   56%         5    ######.
b - Sticks to Snakes      Tmut           ###.....     8%          2    ###....
c - Spider Form           Tmut/Pois      ###.......   24%         3    ###....


Dungeon Overview and Level Annotations

Branches:
Dungeon (6/15)
 Temple: D:4-7

Altars:
Dithmenos
Elyvilon
Fedhas
Gozag
Kikubaaqudgha
Nemelex Xobeh
Sif Muna
Zin

Annotations:
D:4 exclusions: orc priest, orc warrior, orc wizard and 5 more exclusions
D:5 exclusion: 2 orc priests
D:6 Foomius's ghost, novice DsNe


Innate Abilities, Weirdness & Mutations

You cannot wear boots.
((Your serpentine skin is tough (AC +2).))
You have supernaturally acute eyesight. (SInv)
((Armour fits poorly on your strangely shaped body.))
((Your system is resistant to poisons. (rPois)))
((You cover ground very slowly.))
You have a slow metabolism.
You can spit poison.


Message History

There is a stone staircase leading down here.
Your transformation is almost over.
Your transformation has ended.
Your +3 dagger of freezing unmelds from your body.
Your +1 helmet unmelds from your body.
Your +0 pair of gloves unmelds from your body.
Your +2 robe of cold resistance unmelds from your body.
Your +3 dagger of freezing glows with a cold blue light!
You feel resistant to cold.
The orc warrior looks more healthy.
Casting: Spider Form
Confirm with . or Enter, or press ? or * to list all spells.
You turn into a venomous arachnid creature.
Your +3 dagger of freezing melds into your body.
Your +1 helmet melds into your body.
Your +0 pair of gloves melds into your body.
Your +2 robe of cold resistance melds into your body.
Your +3 dagger of freezing stops glowing.
You feel less resistant to cold.
The orc warrior hits you with a short sword!!
You die...

######## ##### #......# #....
#......# #.... #......## #....
#..<....# #(...
#...)...#####.... #####
#####..........##....
#...####...soo......).......
##.#..#..^###...........#....
##.§.#...#..........#..#.#..#.
###§#.#§#.##.########..#.#.#.##.
#.§§._§§..##.# ##...#...##.
#.#§#§#§###..# ###...>..... #
##.§.#....#########...........
##.#..#...ZO.................
#...###.#######.............


You could see an orc warrior and an orc.

Vanquished Creatures
  Sigmund (D:2)
  2 ogres
  2 scorpions
  A howler monkey (D:4)
  A crimson imp (D:6)
  A hound (D:4)
  An orc priest (D:4)
  A worker ant (D:5)
  A howler monkey skeleton (D:4)
  A gnoll (D:2)
  3 adders
  2 shadow imps
  An ooze (D:1)
  A worm (D:4)
  2 dart slugs
  2 giant geckos (D:1)
  9 orcs
  11 bats
  5 giant cockroaches
  4 hobgoblins (D:1)
  2 jackals (D:1)
  2 quokkas
  A ball python (D:3)
  4 giant newts
  13 goblins
  8 kobolds
  12 rats
94 creatures vanquished.

Vanquished Creatures (collateral kills)
  An ogre (D:6)
  A giant frog (D:6)
  A scorpion (D:6)
  A giant frog zombie (D:6)
  2 worker ants
  3 gnolls (D:2)
  An adder (D:3)
  An orc (D:4)
  4 goblins (D:1)
  A quokka (D:6)
  A bat (D:2)
  A kobold (D:1)
18 creatures vanquished.

Grand Total: 112 creatures vanquished

Notes
Turn   | Place    | Note
--------------------------------------------------------------
     0 | D:1      | Leszczynek the Naga Transmuter began the quest for the Orb.
     0 | D:1      | Reached XP level 1. HP: 18/18 MP: 3/3
    73 | D:1      | starts pretty well, two miscasts at 12% and ability failure at 3%
   303 | D:1      | Reached skill level 1 in Stealth
   425 | D:1      | Reached XP level 2. HP: 21/25 MP: 3/5
   434 | D:1      | Learned a level 2 spell: Sticks to Snakes
   710 | D:1      | it literally fails 2 out of 5 times at 12%
  1024 | D:1      | two miscasts in a row at 14%
  1024 | D:1      | all my MP gone
  1024 | D:1      | SPELLCASTERS!
  1024 | D:1      | so what should my tactic be?
  1024 | D:1      | don't fight anything, right?
  1024 | D:1      | except bats and rats
  1024 | D:1      | and maaaaaybe newts
  1024 | D:1      | wow, i'll sure train my transmutations up to 5 this way
  1024 | D:1      | it will work guys, i swear
  1025 | D:1      | "The splash of poison hits the giant gecko. The giant gecko appears unharmed."
  1025 | D:1      | and that's why you only play MiBe in this game
  1130 | D:1      | Reached skill level 3 in Transmutations
  1388 | D:1      | Reached XP level 3. HP: 29/31 MP: 6/6
  1410 | D:1      | Learned a level 3 spell: Spider Form
  2324 | D:2      | Noticed Sigmund
  2803 | D:2      | Reached XP level 4. HP: 23/38 MP: 1/7
  2810 | D:2      | Reached skill level 1 in Poison Magic
  2828 | D:2      | maybe i wouldn't have to use my only !HW if the fucking spell didn't fail twice in a row at 10% :^)
  2828 | D:2      | SPELLCASTERS
  2828 | D:2      | YOU HAVE THREE ATTACKS PER 100 TURNS OH AND EACH CAN FAIL OUT OF ITS ASS :^)
  3139 | D:2      | Killed Sigmund
  3139 | D:2      | Reached skill level 4 in Transmutations
  3139 | D:2      | Reached XP level 5. HP: 30/44 MP: 2/8
  3139 | D:2      | Reached XP level 6. HP: 34/51 MP: 2/9
  3910 | D:4      | Found a glowing silver altar of Zin.
  3969 | D:4      | Found a white marble altar of Elyvilon.
  3986 | D:4      | Reached skill level 5 in Transmutations
  4083 | D:4      | Found an ancient bone altar of Kikubaaqudgha.
  4088 | D:4      | Found a blossoming altar of Fedhas.
  4091 | D:4      | Found a deep blue altar of Sif Muna.
  4129 | D:4      | Found an opulent altar of Gozag.
  4199 | D:4      | Reached XP level 7. HP: 33/57 MP: 6/10
  4850 | D:4      | Learned a level 5 spell: Blade Hands
  4912 | D:5      | Entered Level 5 of the Dungeon
  4942 | D:5      | Found a sparkling altar of Nemelex Xobeh.
  5257 | D:5      | Reached skill level 6 in Transmutations
  5583 | D:6      | Found a shadowy altar of Dithmenos.
  5660 | D:6      | Noticed Foomius's ghost (novice DsNe)
  5917 | D:6      | Reached XP level 8. HP: 37/64 MP: 5/11
  5985 | D:6      | Reached skill level 7 in Transmutations
  6194 | D:6      | Slain by an orc warrior

Vault maps used:
D:1:      dpeg_arrival_ternary, bh_walls_and_bars
D:2:      first_bread, uniq_sigmund
D:4:      lemuel_crystal_altar, elyvilon_altar_1, kennysheep_little_box,
          grunt_temple_overflow_diamond, serial_forest, infiniplex_forest_end_2,
          infiniplex_forest_straight_3, infiniplex_forest_end_3,
          infiniplex_forest_clump_tiny, infiniplex_forest_lined_corner
D:5:      nemelex_deck
D:6:      grunt_dithmenos_smoke_and_mirrors, gammafunk_temple_overflow_claw,
          kennysheep_mini_moat, sigmund_army

Skill      XL: |  1  2  3  4  5  6  7  8 |
---------------+-------------------------+-----
Stealth        | 1 2 4 |  4.8
Transmutations | 3 4 5 6 7 |  7.2
Poison Magic   | 4 |  4.6
Unarmed Combat | 4 |  4.3
Fighting       | |  1.0
Dodging        | |  1.5
Spellcasting   | |  2.0

Action                   |  1- 3 |  4- 6 |  7- 9 || total
-------------------------+-------+-------+-------++-------
Melee: Unarmed           |   183 |     4 |     4 ||   191
       Headbutt          |     1 |       |       ||     1
       Punch             |     2 |       |     1 ||     3
       Dagger            |       |   123 |   101 ||   224
 Cast: Beastly Appendage |     8 |       |       ||     8
       Sticks to Snakes  |     9 |     6 |    20 ||    35
       Spider Form       |       |     1 |     4 ||     5
 Abil: Spit Poison       |    13 |     6 |    10 ||    29
  Use: Scroll            |     2 |     8 |     3 ||    13
       Potion            |       |     1 |     2 ||     3
 Stab: Sleeping          |       |     9 |     3 ||    12
       Distracted        |       |     1 |     1 ||     2
  Eat: Chunk             |     6 |     5 |     7 ||    18
Armor: Robe              |    99 |    63 |    35 ||   197
Dodge: Dodged            |   165 |    87 |    55 ||   307
